Map: Orbital Shipyard

Players

IIIIIIIIIIII

  • Race: Zerg Zerg
  • League: Bronze

wabbajack - Winner!

  • Race: Zerg Zerg
  • League: Gold

VOD

Have the link to the VOD?

Description

Time

  • Played on: July 21, 2015, 2:22 p.m.
  • Length: 6:04
Show
View Real Time Build Order
Export as new Build Order

IIIIIIIIIIII Zerg 

Build Orders: Pool First 

Get SALT Encoding   

  12  0:01  Drone  
  13  0:12  Drone  
  14  0:20  Overlord  
  14  0:27  Extractor  
  14  0:28  Drone, Extractor  
  14  0:29  Drone  
  16  0:40  Drone  
  17  0:50  Spawning Pool  
  17  0:51  Extractor  
  17  0:53  Drone  
  17  0:57  Drone  
  17  1:20  Hatchery  
  16  1:26  Drone x2  
  18  1:37  Zergling x2  
  19  1:42  Queen  
  21  1:50  Drone  
  22  1:57  Overlord  
  22  2:00  Overlord  
  22  2:12  Roach Warren  
  22  2:14  Drone  
  22  2:19  Extractor  
  21  2:23  Drone  
  22  2:46  Drone x3  
  22  2:47  Drone  
  25  3:02  Queen  
  25  3:04  Overlord x3  
  27  3:12  Drone x3  
  30  3:25  Lair  
  30  3:27  Drone x2  
  32  3:29  Drone  
  32  3:31  Drone  
  35  3:34  Drone  
  35  3:44  Evolution Chamber  
  35  3:46  Drone x3  
  35  3:48  Drone  
  38  3:54  Drone x2  
  40  4:03  Drone x2  
  42  4:13  Roach x3  
  42  4:14  Spine Crawler  
  42  4:15  Spine Crawler  
  42  4:16  Roach  
  48  4:21  Roach  
  50  4:26  Spine Crawler  
  50  4:28  Roach x2  
  53  4:32  Roach  
  53  4:35  Roach  
  53  4:36  Roach  
  61  4:38  Roach  
  61  4:43  Roach  
  61  4:44  Roach  
  65  4:50  Roach x2  
  67  4:58  Roach x3  
  63  5:01  Roach  
  63  5:02  Roach  
  63  5:05  Roach  
  59  5:11  Roach x2  
  53  5:16  Roach x2  
  53  5:18  Roach  
  54  5:27  Roach x2  
  54  5:28  Roach  
  58  5:35  Roach  
Show
View Real Time Build Order
Export as new Build Order

wabbajack Zerg - Winner!

Build Orders: Hatch First 

Get SALT Encoding   

  12  0:01  Drone  
  13  0:13  Overlord  
  13  0:17  Drone  
  14  0:26  Drone, Extractor  
  15  0:31  Drone  
  16  0:37  Drone  
  17  0:54  Hatchery  
  16  0:57  Drone  
  16  1:02  Extractor  
  16  1:04  Drone  
  17  1:19  Spawning Pool  
  17  1:20  Drone  
  17  1:21  Drone  
  18  1:29  Drone  
  19  1:44  Overlord  
  19  1:50  Drone  
  20  2:07  Queen  
  22  2:08  Roach Warren, Queen  
  22  2:10  Drone  
  22  2:11  Drone  
  22  2:14  Drone  
  26  2:18  Drone  
  26  2:22  Drone  
  28  2:27  Metabolic Boost  
  28  2:48  Overlord  
  28  2:49  Overlord  
  28  2:56  Roach x3  
  34  2:59  Roach  
  34  3:03  Overlord  
  36  3:23  Roach  
  36  3:24  Roach x3  
  44  3:29  Roach  
  46  3:39  Drone x3, Spine Crawler  
  48  3:44  Spine Crawler  
  47  4:05  Zergling x4  
  47  4:06  Zergling x22  
  60  4:15  Overlord  
  60  4:18  Overlord  
  60  4:34  Baneling Nest  
  50  5:03  Zergling x32  
  56  5:39  Drone x3  
  56  5:40  Drone, Zergling x2  
  56  5:41  Zergling x18  
Tags
 
Add a new tag
Caveats
  • Supply blocks, unpowered buildings, or Contaminate may cause inaccurate times.
  • Supply counts are checked every 10 seconds.